 Dungeon Crawl Stone Soup version 0.26-a0-61-g6c07f0ee8d (webtiles) character file.

Game seed: 12154819901468524220

29 MarredHen the Ducker (level 3, -3/35 HPs)
             Began as a Gnoll Monk on June 9, 2020.
             Slain by a hobgoblin (4 damage)
             ... on level 2 of the Dungeon.
             The game lasted 00:02:05 (1079 turns).

MarredHen the Ducker (Gnoll Monk)                   Turns: 1079, Time: 00:02:06

Health: -3/35      AC:  5    Str: 13    XL:     3   Next: 16%
Magic:  3/3        EV: 17    Int: 12    God:
Gold:   101        SH:  0    Dex: 18    Spells: 3/3 levels left

rFire    . . .     SeeInvis .   a - +0 mace
rCold    . . .     Gourm    .   (no shield)
rNeg     . . .     Faith    .   b - +0 robe
rPois    .         Spirit   .   (no helmet)
rElec    .         Reflect  .   j - +0 cloak
rCorr    .         Harm     .   (no gloves)
MR       .....                  g - +0 pair of boots
Stlth    +++.......             (no amulet)
HPRegen  0.11/turn              (no ring)
MPRegen  0.08/turn              (no ring)

@: no status effects
A: distributed training, fangs 1, molten scales 1, deformed body, deterioration
1, screaming 1, strong nose
a: no special abilities


You were on level 2 of the Dungeon.
You were hungry.

You visited 1 branch of the dungeon, and saw 2 of its levels.

You collected 101 gold pieces.

Inventory:

Hand Weapons
 a - a +0 mace (weapon)
Armour
 b - a +0 robe (worn)
 g - a +0 pair of boots (worn)
 j - a +0 cloak (worn)
Scrolls
 e - a scroll of identify
 h - a scroll of blinking {unknown}
 i - a scroll of fog {unknown}
 k - a scroll of remove curse {unknown}
Potions
 d - a potion of flight
Comestibles
 c - a ration


   Skills:
 + Level 6.5 Fighting
 + Level 0.6 Short Blades
 + Level 0.6 Long Blades
 + Level 0.6 Axes
 + Level 6.5 Maces & Flails
 + Level 0.6 Polearms
 + Level 0.6 Staves
 + Level 0.6 Slings
 + Level 0.6 Bows
 + Level 0.6 Crossbows
 + Level 0.6 Throwing
 + Level 0.6 Armour
 + Level 6.5 Dodging
 + Level 4.1 Stealth
 + Level 0.6 Shields
 + Level 0.6 Unarmed Combat
 + Level 0.6 Spellcasting
 + Level 0.4 Conjurations
 + Level 0.4 Hexes
 + Level 0.4 Charms
 + Level 0.4 Summonings
 + Level 0.4 Necromancy
 + Level 0.4 Translocations
 + Level 0.4 Transmutations
 + Level 0.4 Fire Magic
 + Level 0.4 Ice Magic
 + Level 0.4 Air Magic
 + Level 0.4 Earth Magic
 + Level 0.4 Poison Magic
 + Level 0.8 Invocations
 + Level 0.6 Evocations


You had 3 spell levels left.
You didn't know any spells.
Your spell library was empty.

Dungeon Overview and Level Annotations

Branches:
Dungeon (2/15)

Altars:


Innate Abilities, Weirdness & Mutations

Your experience applies equally to all skills.
You have very sharp teeth.
Your uncanny sense of smell can sniff out nearby items.
You are partially covered in molten scales. (AC +2)
Armour fits poorly on your strangely shaped body.
Your body sometimes deteriorates upon taking damage.
You occasionally shout uncontrollably at your foes.


Message History

The hobgoblin hits you.
* * * LOW HITPOINT WARNING * * *
The hobgoblin barely misses you. The hobgoblin misses you.
The hobgoblin hits you.
* * * LOW HITPOINT WARNING * * *
The hobgoblin completely misses you. The hobgoblin closely misses you.
The hobgoblin closely misses you.
The hobgoblin hits you but does no damage.
The hobgoblin hits you.
* * * LOW HITPOINT WARNING * * *
The hobgoblin closely misses you. The hobgoblin misses you.
The hobgoblin hits you.
* * * LOW HITPOINT WARNING * * *
The hobgoblin barely misses you. The hobgoblin hits you.
* * * LOW HITPOINT WARNING * * *
The hobgoblin closely misses you. The hobgoblin barely misses you.
The hobgoblin completely misses you.
The hobgoblin hits you but does no damage.
The hobgoblin hits you.
You die...

#....#..####
+......)...#
#..(.......# #
##+#.......#
..###..?<.....#
...≈P≈........#
..≈.≈P♣.......#
...P≈≈........#
......g@g).####
......#.#..#
......#$......#
..............#
..............#
## .....#.....#
.....#..####
......#..# ###.
....


You could see 2 hobgoblins.

Vanquished Creatures
  A worm (D:2)
  A dart slug (D:1)
  2 leopard geckos (D:1)
  4 bats
  A giant cockroach (D:1)
  A goblin (D:1)
  4 hobgoblins
  A quokka (D:2)
  A frilled lizard (D:1)
  2 kobolds
  2 rats
20 creatures vanquished.

Notes
Turn   | Place    | Note
-------+----------+-------------------------------------------
     0 | D:1      | MarredHen the Gnoll Monk began the quest for the Orb.
     0 | D:1      | Reached XP level 1. HP: 23/23 MP: 1/1
   176 | D:1      | Reached XP level 2. HP: 29/29 MP: 2/2
   448 | D:1      | You fall into a shaft and drop 1 floor!
   579 | D:2      | Reached XP level 3. HP: 29/35 MP: 3/3
   962 | D:1      | Gained mutation: You occasionally shout uncontrollably at
                  | your foes. [potion of mutation]
   962 | D:1      | Gained mutation: Your body sometimes deteriorates upon
                  | taking damage. [potion of mutation]
   962 | D:1      | Gained mutation: Armour fits poorly on your strangely
                  | shaped body. [potion of mutation]
   962 | D:1      | Gained mutation: You are partially covered in molten
                  | scales. (AC +2) [potion of mutation]
  1076 | D:2      | HP: 1/35 [hobgoblin (1)]
  1079 | D:2      | Slain by a hobgoblin

Illustrated notes

Levels and vault maps discovered:
D:1:      dpeg_arrival_fog, layout_rooms, serial_bayou_lagoon_a,
          serial_bayou_pond_d
D:2:      layout_basic, serial_bayou_pond_e, uniq_jessica

Action                   || total
-------------------------++-------
Melee: Mace              ||    56
       Bite              ||     7
  Use: Scroll            ||     2
       Potion            ||     1
 Stab: Sleeping          ||     7
Armor: Robe              ||    30
Dodge: Dodged            ||    97

Table legend:
 A = Non-vault XP
 B = Vault XP
 C = Vault XP percentage of total XP
 D = Non-vault monster count
 E = Vault monster count
 F = Vault count percentage of total count
                 A         B        C        D         E       F
            +---------+---------+-------+---------+---------+-------
      Total |      42 |       0 |   0.0 |      20 |       0 |   0.0
            +---------+---------+-------+---------+---------+-------
        D:1 |      26 |       0 |   0.0 |      13 |       0 |   0.0
        D:2 |      16 |       0 |   0.0 |       7 |       0 |   0.0
            +---------+---------+-------+---------+---------+-------
